AoeStats
← Pfost3n

Black Forest

505899389Analyzed
4v4 RM · 20d ago on Sep 11, 2026· 24m 28s· 8 players
Game mode
Random Map
Map size
Large (8 player)
Population
200
Speed
Normal
Resources
Standard
Victory
Conquest
Starting age
Dark Age
Ending age
Imperial Age
RankedLock teamsTeams togetherTeam positionsShared explorationLock speedFull tech treeHidden civsTurbo modeCheats
Victory
Defeat
🇪🇸 Khmer · Spain
814
+10
🇺🇸 Jurchens · United States
811
+10
🇩🇪 Bohemians · Germany
806
+10
🇩🇪 Spanish · Germany
786
+12
🇪🇸 Mongols · Spain
705
-11
🇭🇰 Hindustanis · Hong Kong SAR China
683
-11
🇺🇸 Huns · United States
680
-10
🇫🇷 Cumans · France
657
-10
K4r[M]4n^
13:14 Feudal Age
13:46 Double-Bit Axe
13:45 Horse Collar
19:26 Wheelbarrow
18:56 Gold Mining
18:59 Stone Mining
25:09 Castle Age
cbgb
0:48 Loom
13:25 Feudal Age
13:55 Double-Bit Axe
14:58 Wheelbarrow
19:29 Castle Age
17:59 Gold Mining
18:47 Horse Collar
20:32 Bow Saw
20:58 Heavy Plow
22:29 Hand Cart
23:01 Stone Mining
25:08 Gold Shaft Mining
Sandroudrou
0:33 Loom
12:43 Feudal Age
14:00 Wheelbarrow
13:10 Town Watch
13:08 Horse Collar
13:16 Double-Bit Axe
14:01 Gold Mining
15:55 Stone Mining
23:13 Castle Age
21:10 Man-at-Arms
21:53 Arson
22:29 Scale Mail Armor
22:40 Fletching
23:38 Forging
24:48 Hand Cart
24:58 Heavy Plow
干死6P
0:30 Loom
11:51 Feudal Age
18:00 Castle Age
22:29 Double-Bit Axe
Pfost3n
12:45 Feudal Age
17:57 Castle Age
20:11 Double-Bit Axe
24:00 Horse Collar
Windrunner90
2:13 Loom
13:22 Feudal Age
17:06 Horse Collar
17:14 Double-Bit Axe
17:23 Gold Mining
20:48 Castle Age
19:56 Stone Mining
22:22 Bow Saw
22:18 Heavy Plow
runningelmi
0:30 Loom
12:55 Feudal Age
18:04 Castle Age
17:19 Stone Mining
17:16 Double-Bit Axe
17:41 Horse Collar
20:32 Scale Barding Armor
22:04 Bloodlines
marwenskio
2:27 Loom
13:05 Feudal Age
18:56 Castle Age
17:29 Double-Bit Axe
17:55 Horse Collar
20:10 Wheelbarrow
23:33 Heavy Plow
23:59 Bow Saw
Connection lost

Rejoining the realm…

Still unreachable

The connection could not be restored.

Session expired

The server has moved on; the page needs a fresh start.